 Dungeon Crawl Stone Soup version 0.28-a0-998-gb9e9c7b67e (webtiles) character file.

Game seed: 12725685874983220555

124 enile the Skirmisher (level 4, -1/35 HPs)
             Began as a Demonspawn Cinder Acolyte on Dec 5, 2021.
             Was a High Priest of Ignis.
             Killed by divine providence
             ... invoked by an orc priest
              (11 damage)
             ... on level 3 of the Dungeon.
             The game lasted 00:05:54 (2137 turns).

enile the Skirmisher (Demonspawn Cinder Acolyte)    Turns: 2137, Time: 00:05:54

Health: -1/35      AC: 13    Str: 16    XL:     4   Next: 81%
Magic:  3/7        EV: 11    Int: 22    God:    Ignis [*****.]
Gold:   64         SH:  0    Dex:  8    Spells: 5/7 levels left

rFire   + + .      SeeInvis .   h - +0 dagger (venom)
rCold   x . .      Faith    .   (no shield)
rNeg    . . .      Spirit   .   j - +0 leather armour
rPois   .          Reflect  .   (no helmet)
rElec   .          Harm     .   (no cloak)
rCorr   .          Rampage  .   m - +0 pair of gloves
Will    .....                   (no boots)
Stlth   +.........              (no amulet)
HPRegen 0.11/turn               c - +6 ring of intelligence
MPRegen 0.10/turn               r - ring of fire

@: lethally poisoned (-1 -> -11), fiery-armoured
A: hooves 1, icy blue scales 1
a: Renounce Religion, Fiery Armour, Foxfire Swarm, Rising Flame


You were on level 3 of the Dungeon.
You worshipped Ignis.
Ignis was extremely pleased with you.
You visited 1 branch of the dungeon, and saw 3 of its levels.

You collected 64 gold pieces.

Inventory:

Hand Weapons
 e - a +0 club
 h - a +0 dagger of venom (weapon)
Armour
 a - a +0 robe
 j - a +0 leather armour (worn)
 k - a +0 chain mail
 m - a +0 pair of gloves (worn)
Jewellery
 b - a +4 ring of protection
 c - a +6 ring of intelligence (left hand)
 r - a ring of fire (right hand)
Scrolls
 d - 2 scrolls of teleportation {unknown}
 i - a scroll of fear {unknown}
 o - a scroll of noise {unknown}
 p - 2 scrolls of enchant armour {unknown}
 t - a scroll of brand weapon {unknown}
Potions
 f - a potion of magic {unknown}
 g - a potion of haste {unknown}
 l - a potion of ambrosia {unknown}
 n - a potion of lignification {unknown}
 q - a potion of heal wounds {unknown}
 s - a potion of berserk rage {unknown}


   Skills:
 - Level 3.0 Fighting
 - Level 1.0 Short Blades
 - Level 1.0 Armour
 - Level 2.0 Dodging
 + Level 1.5 Stealth
 - Level 3.0 Unarmed Combat
 - Level 2.0 Spellcasting
 - Level 3.0 Fire Magic


You had 5 spell levels left.
You knew the following spells:

 Your Spells              Type           Power      Damage    Failure   Level
a - Scorch                Fire           46%        2d7       8%          2

Your spell library contained the following spells:

 Spells                   Type           Power      Damage    Failure   Level
 Frozen Ramparts          Ice            4%         1d2       45%         3
 Gell's Gravitas          Tloc           2%         N/A       45%         3
 Lesser Beckoning         Tloc           2%         N/A       45%         3
 Teleport Other           Tloc           2%         N/A       45%         3
 Ice Form                 Ice/Tmut       2%         N/A       86%         4
 Summon Ice Beast         Ice/Summ       2%         N/A       86%         4


Dungeon Overview and Level Annotations

Branches:
Dungeon (3/15)

Altars:

Shops:
D:2 [

Annotations:
D:3 Robin


Innate Abilities, Weirdness & Mutations

You have large cloven feet.
You are partially covered in icy blue scales. (AC +2)


Message History

Casting: Scorch (safe; 8% risk of failure)
Confirm with . or Enter, or press ? or * to list all spells.
You can't see any susceptible monsters within range! (Use Z to cast anyway.)
You see here a +0 dagger.
Casting: Scorch (safe; 8% risk of failure)
Confirm with . or Enter, or press ? or * to list all spells.
You feel a surge of power!
Flames lash the orc.
You kill the orc!
Robin throws the goblin at you!
The goblin unwields a +0 hunting sling.
The goblin wields a +0 club.
The goblin hits you with a +0 club. The goblin hits you but does no damage.
Casting: Scorch (safe; 8% risk of failure)
Confirm with . or Enter, or press ? or * to list all spells.
You feel a surge of power!
Flames lash the goblin.
You kill the goblin!
The goblin barely misses you.
The orc priest hits you but does no damage.
Robin says, "Kneel, worm!"
The goblin hits you with a +0 club.
The goblin no longer looks unusually strong.
Robin roars a battlecry!
The goblin goes into a battle-frenzy!
The goblin barely misses you.
The orc priest hits you but does no damage.
You hit Robin.
Robin is poisoned.
Robin is lightly wounded.
The goblin hits you with a +0 club. The goblin hits you but does no damage.
The hobgoblin no longer looks unusually strong.
The orc priest looks braver for a moment.
Robin hits you with a +3 mace of venom.
You are poisoned.
The goblin unwields a +0 club.
The goblin wields a +0 hunting sling.
The goblin shoots a stone.
The stone hits you.
Unknown command.
A protective cloak of flame settles atop you.
* * * LOW HITPOINT WARNING * * *
You feel very sick.
The orc priest mumbles some strange prayers to Beogh against you.
Beogh smites you!
You die...

....#...........+.....
..........##...#..... ...
#..............###... ...
#..............#....# ....
#....................
#....#....................
#....#..g.....##+#........
.......og.....(..#........
......g)g@...............#
........w............†...#
....)..†.................#
.....))...####...#+##.....
.....).)######...#.#...##.
........# #........#.....<
........# #.......##......
........# #.......##......
##......# #.......'.......


You could see Robin (very poisoned), an orc priest, a dart slug, a hobgoblin and
2 goblins.

Vanquished Creatures
  Natasha (D:3)
  3 adders
  A worm (D:2)
  A dart slug (D:1)
  2 orcs (D:3)
  5 endoplasms (D:1)
  A giant cockroach (D:3)
  3 hobgoblins
  7 jackals
  4 kobolds
  2 quokkas
  7 ball pythons
  5 bats
  A frilled lizard (D:2)
  12 goblins
  6 rats
61 creatures vanquished.

Vanquished Creatures (others)
  16 foxfires (D:3)
16 creatures vanquished.

Grand Total: 77 creatures vanquished

Notes
Turn   | Place    | Note
-------+----------+-------------------------------------------
     0 | D:1      | enile the Demonspawn Cinder Acolyte began the quest for the
                  | Orb.
     0 | D:1      | Reached XP level 1. HP: 18/18 MP: 2/2
   238 | D:1      | Found a faded altar of an unknown god.
   247 | D:1      | Gained mutation: You are partially covered in icy blue
                  | scales. (AC +2) [demonic ancestry]
   247 | D:1      | Reached XP level 2. HP: 24/24 MP: 3/3
   405 | D:1      | Reached skill level 1 in Dodging
   423 | D:1      | Learned a level 2 spell: Scorch
   695 | D:1      | Reached XP level 3. HP: 29/29 MP: 2/5
  1140 | D:2      | Found Untillu's Armour Boutique.
  1250 | D:2      | Reached skill level 1 in Short Blades
  1605 | D:3      | Noticed Natasha
  1630 | D:3      | Killed Natasha
  1631 | D:3      | Reached skill level 1 in Armour
  1631 | D:3      | Gained mutation: You have large cloven feet. [demonic
                  | ancestry]
  1631 | D:3      | Reached XP level 4. HP: 23/35 MP: 2/7
  2122 | D:3      | Noticed Robin
  2126 | D:3      | Reached skill level 1 in Stealth
  2137 | D:3      | Killed from afar by an orc priest

Illustrated notes

Levels and vault maps discovered:
D:1:      dpeg_arrival_short_road, layout_basic, basic_ecumenical_altar
D:2:      cheibrodos_helix_gallery, layout_rooms, serial_shops, shop
D:3:      layout_basic, trog_antimagical, corexii_shack, uniq_natasha,
          uniq_robin

Skill      XL: |  1  2  3  4 |
---------------+-------------+-----
Unarmed Combat | 3 |  3.0
Dodging        | 1 2 |  2.0
Fire Magic     | 3 |  3.0
Spellcasting   | 2 |  2.0
Short Blades   | 1 |  1.0
Armour         | 1 |  1.0
Stealth        | 1 |  1.5
Fighting       | |  3.0

Action                   |  1- 3 |  4- 6 || total
-------------------------+-------+-------++-------
Melee: Unarmed           |    68 |       ||    68
       Punch             |     1 |       ||     1
       Dagger            |    47 |    14 ||    61
       Kick              |       |     3 ||     3
 Cast: Scorch            |    14 |     9 ||    23
Invok: Foxfire Swarm     |       |     1 ||     1
       Fiery Armour      |       |     1 ||     1
Armor: Robe              |    54 |       ||    54
       Leather armour    |     6 |    22 ||    28
Dodge: Dodged            |    83 |    24 ||   107

Table legend: (Time is in decaauts)
 A = Elapsed time spent in this place.
 B = Non-inter-level travel time spent in this place.
 C = Inter-level travel time spent in this place.
 D = Time resting spent in this place.
 E = Time spent auto-exploring this place.
 F = Levels seen in this place.
 G = Mean time per level.
                   A        B        C        D        E       F      G
               +--------+--------+--------+--------+--------+-----+--------+
         Total |   2135 |   2091 |     44 |      0 |   1646 |   3 |  711.7 |
       Dungeon |   2135 |   2091 |     44 |      0 |   1646 |   3 |  711.7 |
               +--------+--------+--------+--------+--------+-----+--------+

Top non-repeatable levels by time:
     D:1: 1008 daAuts
     D:2: 582 daAuts
     D:3: 544 daAuts
